 Dungeon Crawl Stone Soup version 0.29-a0-234-g0dae59b3db (webtiles) character file.

Game seed: 2295913272667991207

780 sammy202020 the Skirmisher (level 7, -2/56 HPs)
             Began as a Demonspawn Berserker on Mar 3, 2022.
             Was a Believer of Trog.
             Slain by a yak (9 damage)
             ... on level 4 of the Dungeon.
             The game lasted 00:06:56 (3506 turns).

sammy202020 the Skirmisher (Demonspawn Berserker)   Turns: 3506, Time: 00:06:56

Health: -2/56      AC: 10    Str: 19    XL:     7   Next: 55%
Magic:  7/7        EV: 11    Int:  8    God:    Trog [**....]
Gold:   47         SH: 12    Dex: 13    Spells: 6/6 levels left

rFire   + . .      SeeInvis .   a - +0 mace (vorpal)
rCold   . . .      Faith    .   q - +1 tower shield
rNeg    . . .      Spirit   .   j - +1 scale mail {rF+}
rPois   .          Reflect  .   (helmet restricted)
rElec   .          Harm     .   (no cloak)
rCorr   .          Rampage  .   (no gloves)
Will    .....                   (no boots)
Stlth   ..........              (no amulet)
HPRegen 0.18/turn               s - +4 ring of evasion
MPRegen 0.10/turn               (no ring)

@: on berserk cooldown, slowed, very slow
A: horns 1, thin metallic scales 1, foul stench 2
a: Renounce Religion, Berserk, Trog's Hand


You were on level 4 of the Dungeon.
You worshipped Trog.
Trog was pleased with you.
You visited 1 branch of the dungeon, and saw 4 of its levels.

You collected 168 gold pieces.
You spent 121 gold pieces at shops.

Inventory:

Hand Weapons
 a - a +0 vorpal mace (weapon)
Missiles
 l - 3 boomerangs of dispersal (quivered)
Armour
 b - a +0 animal skin
 d - a +0 helmet
 j - a +1 scale mail of fire resistance (worn)
 q - a +1 tower shield (worn)
Jewellery
 s - a +4 ring of evasion (left hand)
Wands
 p - a wand of acid (8)
 r - a wand of mindburst (15)
Scrolls
 c - a scroll of teleportation
Potions
 e - 2 potions of curing
 f - a potion of mutation
 i - a potion of flight
 n - a potion of haste


   Skills:
 * Level 5.0 Fighting
 * Level 4.6 Maces & Flails
 * Level 4.0 Armour
 * Level 4.0 Dodging
 + Level 1.5 Shields


You had 6 spell levels left.
You didn't know any spells.
Your spell library was empty.

Dungeon Overview and Level Annotations

Branches:
Dungeon (4/15)
 Temple: D:4-7

Altars:
Wu Jian

Shops:
D:3 [*


Innate Abilities, Weirdness & Mutations

You have a pair of small horns on your head.
You are partially covered in thin metallic scales. (AC +2)
You sometimes emit foul miasma when damaged in melee.


Message History

You thump the yak!
The yak is severely wounded.
The yak gores you but does no damage.
You sock the yak!
You kill the yak!
Trog accepts your kill.
You have reached level 7!
You barely miss the yak. You block the yak's attack.
You thump the yak! You headbutt the yak!
The yak is heavily wounded.
The yak gores you!
* * * LOW HITPOINT WARNING * * *
You completely miss the yak.
The yak is heavily wounded.
The yak closely misses you.
You sock the yak!
The yak is almost dead.
You block the yak's attack.
You barely miss the yak.
The yak is almost dead.
You block the yak's attack.
You hit the yak.
You kill the yak!
Trog accepts your kill.
Your Fighting skill increases to level 5!
Your Armour skill increases to level 4!
Your Dodging skill increases to level 4!
You hit the yak.
The yak is lightly wounded.
The yak gores you!
* * * LOW HITPOINT WARNING * * *
You thump the yak! You headbutt the yak!
The yak is heavily wounded.
You are no longer berserk.
You are exhausted.
You feel yourself slow down. The yak gores you but does no damage.
You hit the yak. Your headbutt misses the yak.
The yak is severely wounded.
The yak closely misses you. The yak gores you!
You die...

#......
.#####.....
..........#####
..........#...#
..........#...#
..........#...+
.......<..'...#
..........#...#
.........†###@#
######+#### #Y#
...............
..............#
..$...........#
..............#
..............#
#######..##...#
#### ...#


You could see a yak.

Vanquished Creatures
  4 yaks (D:4)
  A phantom (D:3)
  Terence (D:2)
  4 gnolls (D:2)
  2 adders (D:2)
  3 dart slugs
  7 bats
  4 endoplasms
  6 goblins
  2 hobgoblins
  2 jackals (D:1)
  6 kobolds
  4 ball pythons
  5 frilled lizards
  8 rats
59 creatures vanquished.

Notes
Turn   | Place    | Note
-------+----------+-------------------------------------------
     0 | D:1      | sammy202020 the Demonspawn Berserker began the quest for
                  | the Orb.
     0 | D:1      | Reached XP level 1. HP: 18/18 MP: 1/1
   417 | D:1      | Gained mutation: You may rarely emit foul miasma when
                  | damaged in melee. [demonic ancestry]
   417 | D:1      | Reached XP level 2. HP: 17/24 MP: 2/2
   766 | D:1      | Reached ** piety under Trog
  1114 | D:1      | Gained mutation: You sometimes emit foul miasma when
                  | damaged in melee. [demonic ancestry]
  1114 | D:1      | Reached XP level 3. HP: 27/29 MP: 3/3
  1591 | D:2      | Noticed Terence
  1602 | D:2      | Killed Terence
  1708 | D:2      | Reached XP level 4. HP: 35/35 MP: 4/4
  2891 | D:3      | Noticed a phantom
  2919 | D:3      | Killed a phantom
  2920 | D:3      | Reached skill level 4 in Fighting
  2920 | D:3      | Gained mutation: You are partially covered in thin metallic
                  | scales. (AC +2) [demonic ancestry]
  2920 | D:3      | Reached XP level 5. HP: 41/42 MP: 5/5
  3032 | D:3      | Found Hauqene's Antique Armour Emporium.
  3038 | D:3      | Bought a tower shield for 121 gold pieces
  3154 | D:3      | Found an ornate altar of the Wu Jian Council.
  3409 | D:3      | Found Jyeviniah's Assorted Antiques.
  3485 | D:4      | Noticed a yak
  3487 | D:4      | Noticed a yak
  3487 | D:4      | Noticed a yak
  3487 | D:4      | Noticed a yak
  3487 | D:4      | Noticed a yak
  3492 | D:4      | Killed a yak
  3493 | D:4      | Gained mutation: You have a pair of small horns on your
                  | head. [demonic ancestry]
  3493 | D:4      | Reached XP level 6. HP: 36/49 MP: 6/6
  3493 | D:4      | Killed a yak
  3494 | D:4      | Reached skill level 1 in Shields
  3497 | D:4      | Killed a yak
  3498 | D:4      | Reached XP level 7. HP: 31/55 MP: 7/7
  3503 | D:4      | Killed a yak
  3504 | D:4      | Reached skill level 5 in Fighting
  3506 | D:4      | Slain by a yak

Illustrated notes

Levels and vault maps discovered:
D:1:      nzn_arrival_settlement, layout_loops_ring, st_stairs_13,
          minmay_misc_feat_four_crosses, patterned_corridor
D:2:      layout_basic, uniq_terence
D:3:      layout_rooms, nzn_wu_jian_contemplation, serial_corexii_hall,
          chequers_hall_statues_wall_a, corexii_hall_statues_deadend,
          serial_shops, shop, shop
D:4:      layout_gridville, gammafunk_temple_overflow_wave,
          kennysheep_generic_room_11, uniq_menkaure

Skill      XL: |  1  2  3  4  5  6  7 |
---------------+----------------------+-----
Armour         | 2 3 4 |  4.0
Dodging        | 2 3 4 |  4.0
Maces & Flails | 3 4 |  4.6
Fighting       | 4 5 |  5.0
Shields        | 1 |  1.5

Action                   |  1- 3 |  4- 6 |  7- 9 || total
-------------------------+-------+-------+-------++-------
Melee: Mace              |    84 |    87 |     9 ||   180
       Punch             |     1 |       |       ||     1
       Headbutt          |       |       |     2 ||     2
Throw: Boomerang         |       |     1 |       ||     1
Invok: Berserk           |     1 |     3 |       ||     4
       Trog's Hand       |     1 |       |       ||     1
  Use: Scroll            |       |    10 |       ||    10
Armor: Animal skin       |    35 |       |       ||    35
       Scale mail        |       |    54 |     1 ||    55
Dodge: Dodged            |    67 |    56 |     2 ||   125
Block: Tower shield      |       |    12 |     3 ||    15

Table legend: (Time is in decaauts)
 A = Elapsed time spent in this place.
 B = Non-inter-level travel time spent in this place.
 C = Inter-level travel time spent in this place.
 D = Time resting spent in this place.
 E = Time spent auto-exploring this place.
 F = Levels seen in this place.
 G = Mean time per level.
                   A        B        C        D        E       F      G
               +--------+--------+--------+--------+--------+-----+--------+
         Total |   3586 |   3278 |    308 |    356 |   2374 |   4 |  896.5 |
       Dungeon |   3586 |   3278 |    308 |    356 |   2374 |   4 |  896.5 |
               +--------+--------+--------+--------+--------+-----+--------+

Top non-repeatable levels by time:
     D:1: 1501 daAuts
     D:2: 1383 daAuts
     D:3: 655 daAuts
     D:4: 46 daAuts
